 Dungeon Crawl Stone Soup version 0.23.0 (webtiles) character file.

Game seed: 1514661459178584999

158 Hylith the Slasher (level 5, 0/47 HPs)
             Began as a Minotaur Berserker on Feb 8, 2019.
             Was a Believer of Trog.
             Succumbed to kobold's curare-tipped needle
             ... on level 3 of the Dungeon.
             The game lasted 00:04:58 (2173 turns).

Hylith the Slasher (Minotaur Berserker)             Turns: 2173, Time: 00:04:59

Health: 0/47       AC:  6    Str: 23    XL:     5   Next: 16%
Magic:  4/4        EV: 11    Int:  4    God:    Trog [**....]
Gold:   180        SH:  0    Dex:  9    Spells: 4/4 levels left

rFire    . . .     SeeInvis .   a - +0 falchion
rCold    . . .     Gourm    .   (no shield)
rNeg     . . .     Faith    .   i - +0 scale mail
rPois    .         Spirit   .   (helmet restricted)
rElec    .         Reflect  .   (no cloak)
rCorr    .         Harm     .   (no gloves)
MR       .....                  (no boots)
Stlth    ..........             (no amulet)
HPRegen  0.15/turn              (no ring)
MPRegen  0.09/turn              (no ring)

@: lethally poisoned (0 -> -1)
A: retaliatory headbutt, horns 2
a: Berserk, Trog's Hand, Renounce Religion


You were on level 3 of the Dungeon.
You worshipped Trog.
Trog was pleased with you.
You were not hungry.

You visited 1 branch of the dungeon, and saw 3 of its levels.

You collected 180 gold pieces.

Inventory:

Hand Weapons
 a - a +0 falchion (weapon)
Armour
 i - a +0 scale mail (worn)
Scrolls
 e - 4 scrolls of teleportation {unknown}
 g - 3 scrolls of identify {unknown}
 j - 2 scrolls of remove curse {unknown}
 l - a scroll of fog {unknown}
 n - a scroll of amnesia {unknown}
 o - a scroll of fear {unknown}
Potions
 b - a potion of invisibility {unknown}
 d - 2 potions of haste {unknown}
 f - 2 potions of curing {unknown}
 h - a potion of might {unknown}
 k - a potion of berserk rage {unknown}
 m - a potion of degeneration {unknown}
 p - a potion of brilliance {unknown}
Comestibles
 c - 8 rations


   Skills:
 * Level 4.7 Fighting
 * Level 5.8 Long Blades
 + Level 3.1 Armour
 + Level 2.6 Dodging


You had 4 spell levels left.
You didn't know any spells.
Your spell library was empty.

Dungeon Overview and Level Annotations

Branches:
Dungeon (3/15)

Altars:
Cheibriados
Elyvilon
Ru
Xom


Innate Abilities, Weirdness & Mutations

You reflexively headbutt those who attack you in melee.
You have a pair of horns on your head.


Message History

* * * LOW HITPOINT WARNING * * *
You feel sick.
* * * LOW HITPOINT WARNING * * *
You feel sick.
* * * LOW HITPOINT WARNING * * *
You feel sick.
* * * LOW HITPOINT WARNING * * *
You feel sick.
* * * LOW HITPOINT WARNING * * *
You feel sick.
* * * LOW HITPOINT WARNING * * *
You feel sick.
* * * LOW HITPOINT WARNING * * *
You feel sick.
* * * LOW HITPOINT WARNING * * *
You feel sick.
* * * LOW HITPOINT WARNING * * *
You feel sick.
You feel yourself speed up.
You die...

############
#..........#
#..........#
#..........#
########## #.........#
#.........
#...).....###.###..###
#....@......... ##.###
#?....(....##.####'##.
#.........$....#..).##
#.....$...#..#.#..⌠.##
#######..(# ...#.⌠..#.
###.# ...#....#. #>#
#..######. #.#
#..##.###.
#>###...#.....


There were no monsters in sight!

Vanquished Creatures
  3 gnolls (D:2)
  3 adders
  2 oozes
  A worm (D:3)
  3 dart slugs
  4 leopard geckos
  5 orcs
  A ball python (D:1)
  5 giant cockroaches
  10 goblins
  6 hobgoblins
  4 jackals (D:2)
  5 kobolds
  10 bats
  4 frilled lizards
  9 rats
75 creatures vanquished.

Notes
Turn   | Place    | Note
-------+----------+-------------------------------------------
     0 | D:1      | Hylith the Minotaur Berserker began the quest for the Orb.
     0 | D:1      | Reached XP level 1. HP: 19/19 MP: 0/0
   105 | D:1      | Found a snail-covered altar of Cheibriados.
   111 | D:1      | Reached XP level 2. HP: 11/27 MP: 1/1
   150 | D:1      | Reached skill level 4 in Long Blades
   494 | D:1      | Reached XP level 3. HP: 33/33 MP: 2/2
   582 | D:1      | Reached ** piety under Trog
   846 | D:2      | Found a shimmering altar of Xom.
   892 | D:2      | Reached XP level 4. HP: 21/41 MP: 3/3
   903 | D:2      | Reached skill level 5 in Long Blades
  1310 | D:2      | Found a white marble altar of Elyvilon.
  1337 | D:2      | Found a sacrificial altar of Ru.
  1862 | D:3      | Reached XP level 5. HP: 42/47 MP: 4/4
  2164 | D:3      | HP: 2/47 [poisoned by kobold (curare-tipped needle)]
  2171 | D:3      | HP: 1/47 [poisoned by kobold (curare-tipped needle)]
  2173 | D:3      | Succumbed to kobold's curare-tipped needle

Skill      XL: |  1  2  3  4 |
---------------+-------------+-----
Long Blades    | 4 5 |  5.8
Fighting       | 4 |  4.7
Armour         | 3 |  3.1
Dodging        | |  2.6

Action                   |  1- 3 |  4- 6 || total
-------------------------+-------+-------++-------
Melee: Falchion          |    61 |    76 ||   137
       Headbutt          |    10 |    11 ||    21
Invok: Berserk           |     1 |       ||     1
  Eat: Chunk             |       |     5 ||     5
Armor: Animal skin       |     5 |       ||     5
       Scale mail        |    11 |    34 ||    45
Dodge: Dodged            |    35 |    55 ||    90
       Rpst.: Falchion   |     8 |     6 ||    14
